 Dungeon Crawl Stone Soup version 0.31-a0-1447-g87ca8d402b (webtiles) character file.

Game seed: 1298821863710341008

1837 bjtr the Covert (level 9, 0/44 HPs)
             Began as a Vine Stalker Enchanter on Dec 27, 2023.
             Slain by a water moccasin (7 damage)
             ... on level 6 of the Dungeon.
             The game lasted 00:26:14 (4480 turns).

bjtr the Covert (Vine Stalker Enchanter)            Turns: 4480, Time: 00:26:14

Health: 0/44       AC:  4    Str: 11    XL:     9   Next: 11%
Magic:  0/16       EV: 11    Int: 19    God:
Gold:   269        SH:  4    Dex: 15    Spells: 4/16 levels left

rFire   . . .        a - +1 dagger
rCold   . . .        v - +0 buckler
rNeg    . . .        b - +0 robe
rPois   .            (no helmet)
rElec   .            d - +0 cloak
rCorr   .            (no gloves)
SInv    .            g - +0 pair of boots
Will    +....        (no amulet)
Stlth   ++++         (no ring)
HPRegen 1.07/turn    (no ring)
MPRegen 0.15/turn

%: guardian spirit
@: lethally poisoned (0 -> -1)
A: fangs 3, regeneration 1, magic shield, antimagic bite, no potion heal 2
a: no special abilities


You were on level 6 of the Dungeon.
You visited 2 branches of the dungeon, and saw 7 of its levels.

You collected 269 gold pieces.

Inventory:

Hand Weapons
 a - a +1 dagger (weapon)
 f - a +0 short sword
 s - a +0 rapier
 E - a +0 scimitar
Armour
 b - a +0 robe (worn)
 d - a +0 cloak (worn)
 g - a +0 pair of boots (worn)
 h - a +0 leather armour
 p - a +1 ring mail of cold resistance
 v - a +0 buckler (worn)
 D - a +0 kite shield
Magical Staves
 e - a staff of fire
Jewellery
 B - a ring of protection from cold
Talismans
 q - a beast talisman
Wands
 i - a wand of charming (8)
 r - a wand of flame (5)
 u - a wand of acid (6)
Scrolls
 j - a scroll of vulnerability
 n - a scroll of acquirement {unknown}
 y - a scroll of brand weapon {unknown}
 z - a scroll of summoning {unknown}
 A - a scroll of revelation {unknown}
 F - a scroll of teleportation {unknown}
Potions
 c - 2 potions of invisibility
 k - a potion of berserk rage {unknown}
 l - 2 potions of haste
 m - a potion of heal wounds {unknown}
 o - a potion of brilliance {unknown}
 t - a potion of attraction {unknown}
 w - a potion of magic {unknown}
 x - 4 potions of curing
 C - a potion of ambrosia {unknown}


   Skills:
 + Level 3.4 Fighting
 + Level 5.2 Short Blades
 - Level 1.5 Dodging
 + Level 10.0 Stealth
 + Level 1.0 Shields
 * Level 4.3 Spellcasting
 * Level 4.8 Hexes


You had 4 spell levels left.
You knew the following spells:

 Your Spells              Type           Power      Damage    Failure   Level
a - Ensorcelled Hibernat  Hex/Ice        26%        N/A       11%         2
b - Confusing Touch       Hex            22%        N/A       9%          3
c - Tukima's Dance        Hex            22%        N/A       9%          3
d - Dazzling Flash        Conj/Hex       26%        N/A       22%         3
e - Summon Small Mammal   Summ           16%        N/A       19%         1

Your spell library contained the following spells:

 Spells                   Type           Power      Damage    Failure   Level
 Call Canine Familiar     Summ           4%         N/A       50%         3
 Passwall                 Erth           4%         N/A       50%         3
 Swiftness                Air            4%         N/A       50%         3
 Summon Blazeheart Golem  Fire/Summ      4%         N/A       88%         4


Dungeon Overview and Level Annotations

Branches:
Dungeon (5/15)             Temple (1/1) D:5

Altars:
Ashenzari
Cheibriados
Elyvilon
Fedhas
Hepliaklqana
Makhleb
Nemelex Xobeh
Okawaru
Qazlal
Ru
Sif Muna
Uskayaw
Wu Jian
Zin
The Shining One


Innate Abilities, Weirdness & Mutations

You have razor-sharp teeth.
Your natural rate of healing is unusually fast.
When hurt, damage is shared between your health and your magic reserves.
Your bite disrupts and absorbs the magic of your enemies.
Potions cannot restore your health.


Message History

Unknown command.
You hit the orc.
You kill the orc!
The water moccasin is no longer blind.
Casting: Dazzling Flash (quite dangerous; 22% risk of failure)
Confirm with . or Enter, or press ? or * to list all spells.
Something bites your rat!
Your rat dies!
Your rat's corpse disappears in a puff of smoke!
Casting: Summon Small Mammal (safe; 19% risk of failure)
Confirm with . or Enter, or press ? or * to list all spells.
Your bat hits the water moccasin. The water moccasin bites you!
* * * LOW HITPOINT WARNING * * *
You are poisoned.
The water moccasin poisons you!
Your bat barely misses the water moccasin.
Unknown command.
Okay, then.
Unknown command.
Aiming: Charm
Press: ? - help, Shift-Dir - straight line, f - water moccasin
Aim: a water moccasin (heavily wounded, ally target, chance to affect: 49%)
Okay, then.
Aiming: Corrosive Bolt
Press: ? - help, Shift-Dir - straight line, f - water moccasin
Aim: a water moccasin (heavily wounded, ally target, 53% to hit)
The bolt of acid hits the water moccasin!
The acid corrodes the water moccasin!
The water moccasin is almost dead.
You feel very sick.
Your bat barely misses the water moccasin.
Your bat hits the water moccasin.
The water moccasin completely misses your bat.
Your bat barely misses the water moccasin.
Unknown command.
You hit the water moccasin.
The water moccasin is almost dead.
You feel sick.
Your bat misses the water moccasin. The water moccasin bites you!
You die...

### #.. .
#.# .## #.#
# #. ..# #
#.# .. #.
#.#. #.#
#.#.##.#.
#@# #.......
#S#
#...######b#
#...)......#
#...########
##.## #...#
#...# #...#


You could see a water moccasin (corroded, ally target) and a friendly bat
(summoned).

Vanquished Creatures
  Grinder (D:3)
  Eustachio (D:4)
  Menkaure (D:4)
  A water moccasin (D:5)
  An ice beast (D:6)
  2 orc warriors
  A sky beast (D:4)
  A black bear (D:4)
  2 phantoms
  A bullfrog (D:6)
  A gnoll sergeant (D:6)
  A scorpion (D:5)
  The ghost of xnavy the Ruffian, a weakling TrSh (D:4)
  A hound (D:4)
  A jelly (D:6)
  An orc priest (D:4)
  An iguana (D:5)
  Ijyb (D:3)
  2 orc wizards
  A gnoll (D:4)
  3 adders
  2 white imps
  3 worms
  6 dart slugs
  20 orcs
  4 ball pythons
  3 endoplasms
  5 giant cockroaches
  6 goblins (D:1)
  4 hobgoblins
  2 jackals (D:1)
  3 quokkas (D:1)
  7 bats
  2 frilled lizards
  4 kobolds
  6 rats
103 creatures vanquished.

Vanquished Creatures (collateral kills)
  An orc warrior (D:6)
  An orc priest (D:6)
2 creatures vanquished.

Vanquished Creatures (others)
  2 dancing weapons
2 creatures vanquished.

Grand Total: 107 creatures vanquished

Notes
Turn   | Place    | Note
-------+----------+-------------------------------------------
     0 | D:1      | bjtr the Vine Stalker Enchanter began the quest for the
                  | Orb.
     0 | D:1      | Reached XP level 1. HP: 9/9 MP: 4/4
   138 | D:1      | Reached skill level 4 in Stealth
   138 | D:1      | Reached XP level 2. HP: 13/13 MP: 4/6
   141 | D:1      | Learned a level 2 spell: Ensorcelled Hibernation
   275 | D:1      | Reached skill level 1 in Short Blades
   391 | D:1      | Reached XP level 3. HP: 14/16 MP: 5/7
  1425 | D:3      | Reached skill level 1 in Fighting
  1425 | D:3      | Reached XP level 4. HP: 22/22 MP: 8/8
  1754 | D:3      | Found an ornate altar of the Wu Jian Council.
  1948 | D:3      | Noticed Ijyb
  1954 | D:3      | Learned a level 3 spell: Confusing Touch
  1972 | D:3      | Killed Ijyb
  1973 | D:3      | Reached skill level 5 in Stealth
  2216 | D:4      | Noticed a phantom
  2271 | D:4      | Noticed Eustachio
  2323 | D:4      | Noticed a sky beast
  2357 | D:4      | Noticed a black bear
  2358 | D:4      | Killed a sky beast
  2359 | D:4      | Reached skill level 6 in Stealth
  2359 | D:4      | Reached XP level 5. HP: 12/25 MP: 1/9
  2366 | D:4      | Killed a black bear
  2367 | D:4      | Reached XP level 6. HP: 24/30 MP: 2/10
  2426 | D:4      | Found a runed translucent gate.
  2426 | D:4      | Found a runed translucent gate.
  2426 | D:4      | Found a runed translucent gate.
  2428 | D:4      | Noticed xnavy's ghost (weakling TrSh)
  2497 | D:4      | Noticed Grinder
  2696 | D:3      | Killed Grinder
  2697 | D:3      | Reached skill level 7 in Stealth
  2697 | D:3      | Reached XP level 7. HP: 35/35 MP: 10/12
  2819 | D:4      | Reached skill level 8 in Stealth
  2820 | D:4      | HP: 1/35 [orc priest/divine providence (9)]
  2947 | D:4      | Noticed Menkaure
  2951 | D:4      | Killed Menkaure
  2984 | D:4      | Killed Eustachio
  2985 | D:4      | Gained mutation: You have razor-sharp teeth. [Vine Stalker
                  | growth]
  2985 | D:4      | Reached XP level 8. HP: 39/39 MP: 13/13
  3034 | D:4      | Killed xnavy's ghost
  3035 | D:4      | Reached skill level 9 in Stealth
  3400 | D:4      | Learned a level 3 spell: Tukima's Dance
  3404 | D:4      | Learned a level 3 spell: Dazzling Flash
  3675 | D:5      | Entered Level 5 of the Dungeon
  3676 | D:5      | Found a staircase to the Ecumenical Temple.
  3716 | Temple   | Entered the Ecumenical Temple
  4094 | D:5      | Found a glowing silver altar of Zin.
  4102 | D:5      | You fall into a shaft and drop 1 floor!
  4202 | D:6      | Reached skill level 5 in Short Blades
  4323 | D:6      | Reached skill level 10 in Stealth
  4323 | D:6      | Reached XP level 9. HP: 19/44 MP: 7/16
  4428 | D:6      | Learned a level 1 spell: Summon Small Mammal
  4442 | D:6      | Reached skill level 1 in Shields
  4480 | D:6      | Slain by a water moccasin

Illustrated notes

Levels and vault maps discovered:
D:1:      spicycebolla_arrival_ecumenical, layout_loops_ring,
          minmay_misc_feat_ornament, minmay_fountain_box, minmay_tromino_v7
D:2:      layout_loops_ring, minmay_misc_feat_x
D:3:      layout_basic, nicolae_wu_jian_glorious_leap, guppyfry_early_lair_pool,
          uniq_ijyb
D:4:      layout_basic, gammafunk_ghost_split, uniq_grinder, uniq_menkaure,
          uniq_eustachio
D:5:      layout_cave_pools, mainiacjoe_overflow_24_doors,
          minmay_temple_entry_glass, serial_bayou_pond_e
D:6:      layout_loops_cross, nicolae_overflow_hidden_temple, st_stairs_11,
          minmay_between
Temple:   nicolae_temple_figure_eight

Skill      XL: |  1  2  3  4  5  6  7  8  9 |
---------------+----------------------------+-----
Stealth        | 4 6 7 8 10 | 10.0
Short Blades   | 1 2 3 4 5 |  5.2
Fighting       | 1 2 3 |  3.4
Spellcasting   | 3 4 |  4.3
Hexes          | 4 |  4.8
Shields        | 1 |  1.0
Dodging        | |  1.5

Action                     |  1- 3 |  4- 6 |  7- 9 || total
---------------------------+-------+-------+-------++-------
  Melee: Dagger            |   103 |    64 |   251 ||   418
         Bite              |    16 |    20 |    86 ||   122
         Punch             |     1 |       |     1 ||     2
   Cast: Ensorcelled Hiber |     1 |       |       ||     1
         Confusing Touch   |       |     2 |     2 ||     4
         Tukima's Dance    |       |       |     5 ||     5
         Summon Small Mamm |       |       |     2 ||     2
         Dazzling Flash    |       |       |     2 ||     2
  Evoke: Wand              |       |    12 |    11 ||    23
    Use: Scroll            |       |     5 |     3 ||     8
   Stab: Sleeping          |    15 |     6 |     8 ||    29
         Confused          |       |     1 |     3 ||     4
 Armour: Robe              |    45 |    34 |   135 ||   214
  Dodge: Dodged            |    52 |    22 |    98 ||   172
  Block: Buckler           |       |       |    24 ||    24

Table legend: (Time is in decaauts)
 A = Elapsed time spent in this place.
 B = Non-inter-level travel time spent in this place.
 C = Inter-level travel time spent in this place.
 D = Time resting spent in this place.
 E = Time spent auto-exploring this place.
 F = Levels seen in this place.
 G = Mean time per level.
                   A        B        C        D        E       F      G
               +--------+--------+--------+--------+--------+-----+--------+
         Total |   4428 |   4050 |    378 |    389 |   2310 |   7 |  632.6 |
       Dungeon |   4427 |   4049 |    378 |    389 |   2310 |   6 |  737.8 |
        Temple |      1 |      1 |      0 |      0 |      0 |   1 |    1.0 |
               +--------+--------+--------+--------+--------+-----+--------+

Top non-repeatable levels by time:
     D:4: 1224 daAuts
     D:3: 1129 daAuts
     D:1: 748 daAuts
     D:2: 630 daAuts
     D:6: 366 daAuts
     D:5: 328 daAuts
  Temple: 1 daAuts
